[Event "Team 45 45 League T55"]
[Site "Internet Chess Club"]
[Date "2013.01.20"]
[Round "9"]
[White "fledermaus"]
[Black "charles-allen"]
[Result "1-0"]
[WhiteElo "2000"]
[BlackElo "1863"]
[Opening "QGD: Tarrasch, Prague variation, 9.Bg5"]
[ECO "D34"]
[Time "08:00:32"]
[TimeControl "2700+45"]

1. d4 d5 2. c4 e6 3. Nc3 c5 4. cxd5 exd5 5. Nf3 Nc6 6. g3 Nf6 7. Bg2 Be7 8. O-O
O-O 9. Bg5 c4 10. Ne5 Be6 11. b3 h6 12. Nxc6 bxc6 13. Bxf6 Bxf6 14. bxc4 dxc4
15. e3 Qa5 16. Qe1 Qa6 17. Ne4 Be7 18. Qc3 Rab8 19. Rfc1 Bb4 20. Qc2 Ba3 21.
Rcb1 Rb5 22. Nc3 Rb6 23. Rxb6 Qxb6 24. Rb1 Qc7 25. Qa4 Be7 26. Bxc6 Rb8 27.
Rxb8+ Qxb8 28. Qc2 Qd6 29. Bf3 Bf6 30. Ne4 Qb4 31. Nxf6+ gxf6 32. Kg2 c3 33. Be4
Qa3 34. d5 Bd7 35. Qb3 Qa4 36. Bc2 Qa5 37. e4 Qc5 38. h3 Qd4 39. Qb8+ Kg7 40.
Qf4 Qb4 41. e5 Qb6 42. Qe4 fxe5 43. Qxe5+ Qf6 44. f4 Bc8 45. d6 Bb7+ 46. Kf2
Qxe5 47. fxe5 Bd5 48. d7 {Black resigns} 1-0

[Event "Team 45 45 League T55"]
[Site "Internet Chess Club"]
[Date "2013.01.19"]
[Round "9"]
[White "j65536d"]
[Black "jonesey"]
[Result "0-1"]
[WhiteElo "1854"]
[BlackElo "1859"]
[Opening "Sicilian: Hungarian variation"]
[ECO "B27"]
[Time "15:08:00"]
[TimeControl "2700+45"]

1. e4 c5 2. Nf3 g6 3. c3 Nf6 4. e5 Nd5 5. d4 cxd4 6. cxd4 d6 7. Nc3 Nxc3 8. bxc3
dxe5 9. Nxe5 Nd7 10. Bb5 Bg7 11. O-O O-O 12. Ng4 a6 13. Bc4 e6 14. Ba3 Re8 15.
Rb1 b5 16. Qf3 Ra7 17. Bb3 Bb7 18. Qf4 Qh4 19. Rfe1 Raa8 20. Qc7 Bxg2 21. Kxg2
Qxg4+ 22. Kh1 Nf6 23. Bd1 Qh4 24. Rb2 Rac8 25. Qa5 Ng4 26. Bxg4 Qxg4 27. Bb4 Bf8
28. Rbe2 Bxb4 29. Qxb4 Red8 30. Re3 Rd5 31. f3 Qf4 32. Qa5 Rh5 33. R1e2 Rxh2+
34. Rxh2 Qxe3 35. Qxa6 Qxf3+ 36. Kg1 Rxc3 {White resigns} 0-1

[Event "Team 45 45 League T55"]
[Site "Internet Chess Club"]
[Date "2013.01.19"]
[Round "9"]
[White "parrot9"]
[Black "ChessicalZ"]
[Result "0-1"]
[WhiteElo "1678"]
[BlackElo "1821"]
[Opening "Alekhine's defense: modern, Flohr variation"]
[ECO "B05"]
[Time "13:00:53"]
[TimeControl "2700+45"]

1. e4 Nf6 2. e5 Nd5 3. d4 d6 4. Nf3 Bg4 5. Be2 c6 6. O-O Bxf3 7. Bxf3 dxe5 8.
dxe5 e6 9. Qe2 Nd7 10. c4 Ne7 11. Bf4 Ng6 12. Bg3 Qc7 13. Re1 Bc5 14. Qe4 O-O-O
15. a3 Nb6 16. Nc3 Rd4 17. Qe2 Nxc4 18. Rac1 Nd2 19. Nb5 Nxf3+ 20. Qxf3 cxb5 21.
b4 Rd5 22. Rxc5 Rxc5 23. bxc5 Rd8 24. h4 Rd7 25. h5 Nf8 26. Rc1 Qc6 27. Qg4 g6
28. Bf4 Rd4 29. Qg5 Qd5 30. Rc3 Qd8 31. Qg3 Qd5 32. Qg5 Qe4 33. Be3 Qh4 34. Qxh4
Rxh4 35. h6 Kc7 36. f3 Ra4 37. Kf2 Nd7 38. f4 Nb8 39. Kf3 Nc6 40. Rd3 Ne7 41.
Kg4 Nd5 42. Kg5 Re4 43. Bd2 Kc6 44. Rxd5 Kxd5 45. Kf6 Re2 46. Bb4 Rxg2 47. Kg7
g5 48. f5 exf5 49. Kxh7 f4 50. Kg7 Rh2 51. h7 Kxe5 52. h8=Q Rxh8 53. Kxh8 g4 54.
Kg7 f3 55. Be1 f5 56. Kf7 f4 {White resigns} 0-1

[Event "Team 45 45 League T55"]
[Site "Internet Chess Club"]
[Date "2013.01.17"]
[Round "9"]
[White "PJ"]
[Black "nursey"]
[Result "1-0"]
[WhiteElo "1676"]
[BlackElo "1653"]
[Opening "Ruy Lopez: closed (10...c5)"]
[ECO "C96"]
[Time "14:02:35"]
[TimeControl "2700+45"]

1. e4 e5 2. Nf3 Nc6 3. Bb5 a6 4. Ba4 Nf6 5. O-O Be7 6. Re1 b5 7. Bb3 O-O 8. c3
d6 9. h3 Na5 10. Bc2 c5 11. d4 cxd4 12. cxd4 exd4 13. Nxd4 d5 14. e5 Nd7 15. Nf5
Bb7 16. Nxg7 Kxg7 17. Qg4+ Kh8 18. Qf5 {Black resigns} 1-0

[Event "Team 45 45 League T55"]
[Site "Internet Chess Club"]
[Date "2013.01.19"]
[Round "9"]
[White "alexping"]
[Black "Dracoac"]
[Result "0-1"]
[WhiteElo "1938"]
[BlackElo "1801"]
[Opening "Grünfeld: exchange, Spassky variation"]
[ECO "D87"]
[Time "10:40:47"]
[TimeControl "2700+45"]

1. d4 Nf6 2. c4 g6 3. Nc3 d5 4. cxd5 Nxd5 5. e4 Nxc3 6. bxc3 Bg7 7. Bc4 c5 8.
Ne2 O-O 9. O-O Nc6 10. Be3 Qc7 11. Rc1 e6 12. Qd2 Na5 13. Bb3 b6 14. Bf4 Qe7 15.
Rfd1 Bb7 16. dxc5 e5 17. Bg5 Qxc5 18. Be3 Qc7 19. Qc2 Rfd8 20. c4 Rxd1+ 21. Rxd1
Rc8 22. c5 Nxb3 23. axb3 Bf8 24. b4 bxc5 25. b5 Qa5 26. Nc3 Rd8 27. Rb1 Qc7 28.
Ra1 Bc8 29. Nd5 Qb8 30. Bg5 Rd6 31. Rb1 Be6 32. Nf6+ Kg7 33. Qc3 h6 34. Bf4 Qd8
35. Nh5+ gxh5 36. Bxe5+ Kh7 37. Bxd6 Qxd6 38. Qc2 Qe5 39. Rd1 c4 40. Rb1 Bd6 41.
g3 f5 42. b6 axb6 43. Rxb6 fxe4 44. Rb7+ Kg6 45. Rb1 h4 46. Re1 Bd5 47. Qe2 h5
48. Rd1 Be6 49. Qd2 Bc7 50. Qc2 hxg3 51. hxg3 h4 52. f4 Qc5+ 53. Kh2 hxg3+ 54.
Kxg3 Qe3+ 55. Kg2 Qh3+ 56. Kg1 Bb6+ {White resigns} 0-1

[Event "Team 45 45 League T55"]
[Site "Internet Chess Club"]
[Date "2013.01.21"]
[Round "9"]
[White "SolaFide"]
[Black "bshribharath"]
[Result "1-0"]
[WhiteElo "1884"]
[BlackElo "1872"]
[Opening "Robatsch (modern) defense"]
[ECO "B06"]
[Time "09:00:59"]
[TimeControl "2700+45"]

1. e4 g6 2. d4 Bg7 3. c4 c6 4. Nc3 d5 5. e5 Nh6 6. h3 O-O 7. Nf3 c5 8. cxd5 cxd4
9. Nxd4 Nf5 10. Nf3 e6 11. Bc4 exd5 12. Bxd5 Ne7 13. Bg5 h6 14. Bxe7 Qxe7 15.
O-O Nd7 16. Re1 Nxe5 17. Nxe5 Bxe5 18. Qe2 Re8 19. Qc4 g5 20. Rxe5 Qxe5 21.
Bxf7+ Kg7 22. Bxe8 Qxe8 23. Nb5 Qf7 24. Rc1 Be6 25. Qd4+ Qf6 26. Rc7+ {Black
resigns} 1-0

[Event "Team 45 45 League T55"]
[Site "Internet Chess Club"]
[Date "2013.01.19"]
[Round "9"]
[White "Beetlejuice"]
[Black "CzwartyWymiar"]
[Result "1/2-1/2"]
[WhiteElo "1724"]
[BlackElo "1838"]
[Opening "Queen's pawn: Lundin (Kevitz-Mikenas) defense"]
[ECO "A40"]
[Time "07:01:13"]
[TimeControl "2700+45"]

1. d4 Nc6 2. d5 Ne5 3. e4 e6 4. f4 Ng6 5. dxe6 fxe6 6. Nf3 Bc5 7. Nc3 d6 8. Na4
Bb6 9. Nxb6 axb6 10. Bd3 N8e7 11. O-O O-O 12. g3 c5 13. c3 d5 14. Be3 Qc7 15. a3
Qc6 16. Qc2 Bd7 17. h4 c4 18. Be2 b5 19. h5 Nh8 20. Ne5 Qc8 21. Rad1 Nf7 22.
Nxd7 Qxd7 23. Bg4 Ra6 24. Bc5 Rc8 25. Bxe7 Qxe7 26. exd5 Qc5+ 27. Qf2 Qxf2+ 28.
Kxf2 Nd8 29. Rfe1 Kf7 30. dxe6+ Nxe6 31. Rd7+ Kf6 32. Rxb7 Rc5 33. Bxe6 Rxe6 34.
Rxe6+ Kxe6 35. Rxg7 Rxh5 36. Kg2 Rd5 37. Rxh7 Rd2+ 38. Kf3 Rxb2 39. Rb7 Rb3 40.
Ke4 Rxc3 41. Rb6+ Kf7 42. Rxb5 Rxg3 43. a4 Ra3 44. a5 Ra4 45. f5 c3+ 46. Kd3 Ra3
47. Rc5 Kf6 48. Kc4 c2 49. Kb4 Ra2 50. Kb5 Rb2+ 51. Kc6 Ra2 52. Kb6 Rb2+ {Game
drawn by mutual agreement} 1/2-1/2

[Event "Team 45 45 League T55"]
[Site "Internet Chess Club"]
[Date "2013.01.21"]
[Round "9"]
[White "razorbackchess4"]
[Black "rubo"]
[Result "0-1"]
[WhiteElo "1667"]
[BlackElo "1735"]
[Opening "English, 1...Nf6 (Anglo-Indian defense)"]
[ECO "A15"]
[Time "20:12:52"]
[TimeControl "2700+45"]

1. c4 Nf6 2. g3 c5 3. Bg2 Nc6 4. Nc3 g6 5. e4 d6 6. Nge2 Bg7 7. O-O O-O 8. d3
Bd7 9. Rb1 a6 10. h3 Rb8 11. Be3 b5 12. b3 Qa5 13. Qd2 Ne8 14. Bh6 Nc7 15. Bxg7
Kxg7 16. f4 e6 17. Rfd1 Rfd8 18. g4 Nd4 19. Nxd4 cxd4 20. Ne2 Qxd2 21. Rxd2 e5
22. Rdb2 Ne6 23. f5 Nc5 24. Nc1 Rb6 25. cxb5 Bxb5 26. Bf1 Rdb8 27. Rd2 Bd7 28.
Be2 Na4 29. Bd1 Nc3 30. Rbb2 a5 31. a3 Ba4 32. Bc2 Bd7 33. Na2 Nb5 34. fxg6 hxg6
35. Rf2 Nxa3 36. Nc1 a4 37. Bd1 axb3 38. Rxb3 Rxb3 39. Bxb3 Be6 {White forfeits
on time} 0-1

[Event "Team 45 45 League T55"]
[Site "Internet Chess Club"]
[Date "2013.01.18"]
[Round "9"]
[White "QueensCounselor"]
[Black "f5"]
[Result "1/2-1/2"]
[WhiteElo "2074"]
[BlackElo "2102"]
[Opening "QGD: Cambridge Springs defense"]
[ECO "D52"]
[Time "16:00:18"]
[TimeControl "2700+45"]

1. d4 d5 2. c4 c6 3. Nf3 Nf6 4. Nc3 e6 5. Bg5 Nbd7 6. e3 Qa5 7. Qc2 Ne4 8. cxd5
exd5 9. Bd3 Nxg5 10. Nxg5 h6 11. Nf3 Bd6 12. O-O Nf6 13. Rac1 O-O 14. h3 Re8 15.
Nh4 Bf8 16. Nf5 Qd8 17. a3 Kh8 18. Nh4 Ne4 19. Nf3 Nxc3 20. Qxc3 Bd6 21. Rfe1
Qf6 22. e4 dxe4 23. Bxe4 Bf5 24. Bxf5 Qxf5 25. Qb3 Bf4 26. Rcd1 Qd7 27. Rxe8+
Rxe8 28. d5 cxd5 29. Rxd5 Qe6 30. Qd3 Qe2 31. b3 Qxd3 32. Rxd3 Re7 33. g3 Bc7
34. Kf1 Bb6 35. Nd2 g6 36. Nc4 Bc7 37. a4 Kg7 38. Kg2 a6 39. Kf3 h5 40. g4 hxg4+
41. hxg4 Kf6 42. Ne3 Ke6 43. Nd5 Rd7 44. Nxc7+ Rxc7 45. Ke4 Rc1 46. f4 f5+ 47.
gxf5+ gxf5+ 48. Ke3 Rh1 49. Kf2 Rh2+ 50. Kg3 Rc2 51. Kf3 b5 52. axb5 axb5 53.
Ke3 Rc8 54. Kf3 Rc5 55. Ke3 Rc7 56. Kf3 Rc5 57. Ke3 Rc7 {Game drawn by mutual
agreement} 1/2-1/2

[Event "Team 45 45 League T55"]
[Site "Internet Chess Club"]
[Date "2013.01.21"]
[Round "9"]
[White "SaltofLife"]
[Black "DarkFlow"]
[Result "0-1"]
[WhiteElo "1945"]
[BlackElo "1863"]
[Opening "King's Indian: Torre attack"]
[ECO "A48"]
[Time "14:04:51"]
[TimeControl "2700+45"]

1. d4 Nf6 2. Nf3 g6 3. Bg5 Bg7 4. Nbd2 O-O 5. c3 d6 6. e4 c5 7. dxc5 dxc5 8. Bc4
Nc6 9. Qe2 Qc7 10. O-O h6 11. Bxf6 exf6 12. Nh4 g5 13. Nf5 Bxf5 14. exf5 Rae8
15. Qd1 Qf4 16. Qc2 Rd8 17. Bd3 Qd6 18. Nc4 Qxd3 19. Qb3 Qxf5 20. Qxb7 Qc8 21.
Qb5 Ne5 22. Ne3 Qc6 23. Qxc6 Nxc6 24. Rfd1 Rxd1+ 25. Rxd1 Rd8 26. Rxd8+ Nxd8 27.
Kf1 Bf8 28. Ke2 Kh7 29. Kd3 Bd6 30. h3 Nc6 31. Kc4 Ne5+ 32. Kd5 Bf8 33. Ke4 Kg6
34. a3 a5 35. a4 f5+ 36. Nxf5 Nc4 {White resigns} 0-1

[Event "Team 45 45 League T55"]
[Site "Internet Chess Club"]
[Date "2013.01.20"]
[Round "9"]
[White "bahamapapa"]
[Black "Wholebrain"]
[Result "0-1"]
[WhiteElo "1740"]
[BlackElo "1961"]
[Opening "QGD: exchange, positional line"]
[ECO "D35"]
[Time "09:19:24"]
[TimeControl "2700+45"]

1. d4 d5 2. c4 e6 3. Nc3 Nf6 4. cxd5 exd5 5. Bg5 Be7 6. e3 O-O 7. Bd3 Be6 8. Qc2
h6 9. Bh4 c5 10. Nf3 Nc6 11. a3 cxd4 12. exd4 Rc8 13. O-O Re8 14. Rac1 Nh5 15.
Bxe7 Qxe7 16. Rfe1 Qf6 17. Qd2 Nf4 18. Bb1 a6 19. Re3 Na5 20. Ne5 Nb3 21. Qc2
Qg5 22. Rg3 Nh3+ 23. gxh3 Qxc1+ 24. Qxc1 Nxc1 25. Bc2 Rxc3 26. bxc3 Ne2+ 27. Kg2
Nxg3 28. hxg3 Rc8 29. Bd1 Rxc3 30. a4 Rc1 31. Bb3 Rb1 32. Bc2 Rb4 33. Nf3 Bd7
34. g4 Bxa4 35. Bf5 Bd1 36. Bc8 Bxf3+ 37. Kxf3 a5 38. Ke2 a4 {White resigns} 0-1

[Event "Team 45 45 League T55"]
[Site "Internet Chess Club"]
[Date "2013.01.19"]
[Round "9"]
[White "mongmong"]
[Black "Victor24"]
[Result "0-1"]
[WhiteElo "1635"]
[BlackElo "1818"]
[Opening "King's Indian, 3.Nf3"]
[ECO "E60"]
[Time "06:03:08"]
[TimeControl "2700+45"]

1. d4 Nf6 2. Nf3 g6 3. c4 Bg7 4. Bf4 d6 5. Nc3 O-O 6. h3 c5 7. d5 b5 8. cxb5 a6
9. e3 Qa5 10. Nd2 axb5 11. Bxb5 Nh5 12. Qb3 Nxf4 13. exf4 Ba6 14. Bxa6 Nxa6 15.
Nc4 Qb4 16. O-O Rfb8 17. Qxb4 Rxb4 18. Ne3 Rxb2 19. Na4 Rb4 {White resigns} 0-1

[Event "Team 45 45 League T55"]
[Site "Internet Chess Club"]
[Date "2013.01.19"]
[Round "9"]
[White "PANAMA-REY"]
[Black "Kravier"]
[Result "0-1"]
[WhiteElo "1492"]
[BlackElo "1695"]
[Opening "Caro-Kann defense"]
[ECO "B10"]
[Time "11:01:50"]
[TimeControl "2700+45"]

1. e4 c6 2. Nf3 d5 3. exd5 cxd5 4. d4 h6 5. h3 Bf5 6. Nc3 e6 7. Bf4 a6 8. a3 Bd6
9. Ne5 Nd7 10. Bd3 Bxe5 11. dxe5 Ne7 12. Bxf5 Nxf5 13. Qe2 Rc8 14. Rd1 Qb6 15.
Bc1 O-O 16. Rd3 Rc7 17. O-O Rb8 18. Re1 Rd8 19. Qg4 Rc4 20. Qe2 Qc7 21. Qd2 b5
22. f4 Rc8 23. Kh2 b4 24. axb4 Rxb4 25. g4 d4 26. Na2 Rxb2 27. gxf5 Rxa2 28. Qd1
Rxc2+ 29. Bd2 Qc4 30. Rg3 exf5 31. Kh1 Nc5 32. Reg1 g6 33. Qh5 Rxd2 34. Rxg6+
Kf8 35. Qxh6+ Ke7 36. Qg5+ Ke8 37. Rg8+ Kd7 38. Qxf5+ Qe6 39. Qxe6+ Nxe6 40.
R8g4 Rf2 41. h4 Rxf4 42. h5 Rh8 43. Rxf4 Rxh5+ 44. Kg2 Rg5+ 45. Kf3 Rxg1 46.
Rxf7+ Kc6 47. Ke4 Ng5+ {White resigns} 0-1

[Event "Team 45 45 League T55"]
[Site "Internet Chess Club"]
[Date "2013.01.18"]
[Round "9"]
[White "ChessMaine"]
[Black "pereelcoix"]
[Result "0-1"]
[WhiteElo "1445"]
[BlackElo "1498"]
[Opening "Queen's pawn"]
[ECO "A40"]
[Time "06:16:10"]
[TimeControl "2700+45"]

1. d4 e6 2. e3 d5 3. Bd3 Nf6 4. Nd2 c5 5. c3 c4 6. Bc2 Be7 7. Ngf3 O-O 8. O-O
Nc6 9. e4 dxe4 10. Nxe4 Nxe4 11. Bxe4 Qc7 12. Re1 Bd7 13. Bg5 Bxg5 14. Nxg5 h6
15. Nf3 b5 16. Qe2 a6 17. Rad1 Rad8 18. Bxc6 Bxc6 19. Ne5 Bb7 20. Qg4 Qe7 21.
Re3 Qf6 22. Rh3 Rd6 23. Re1 Rfd8 24. Ree3 a5 25. Rh5 a4 26. Reh3 Kf8 27. Nf3 Rd5
28. Ne5 R5d6 29. Nf3 Rd5 30. Ne5 Ba8 31. Rf3 Rxe5 32. Rxe5 Bxf3 33. Qxf3 Qxf3
34. gxf3 Rd5 35. f4 Ke7 36. Kg2 f6 37. Rxd5 exd5 38. f5 Kd6 39. Kg3 b4 40. a3 b3
41. Kg4 Ke7 42. Kh5 Kf7 43. f3 Ke7 44. Kg6 Kf8 45. Kh7 Kf7 46. f4 Kf8 47. Kg6
Kg8 48. h3 Kf8 49. Kh7 Kf7 50. Kh8 g6 51. Kh7 g5 52. fxg5 fxg5 53. Kxh6 Kf6 54.
Kh5 Kxf5 55. Kh6 Kf4 56. Kg6 Ke3 57. Kxg5 Kd3 58. h4 Kc2 59. h5 Kxb2 60. h6 Kxc3
61. h7 b2 62. h8=Q b1=Q 63. Qe5 Qg1+ 64. Kf5 Qxd4 65. Qe1+ Qd2 66. Qg3+ Qd3+
{White resigns} 0-1

[Event "Team 45 45 League T55"]
[Site "Internet Chess Club"]
[Date "2013.01.19"]
[Round "9"]
[White "xt"]
[Black "AVEMARIA"]
[Result "1-0"]
[WhiteElo "1690"]
[BlackElo "1678"]
[Opening "Sicilian: Scheveningen variation"]
[ECO "B80"]
[Time "13:06:10"]
[TimeControl "2700+45"]

1. e4 c5 2. Nf3 e6 3. d4 cxd4 4. Nxd4 Nf6 5. Nc3 d6 6. Be3 a6 7. f3 Nbd7 8. Qd2
Qc7 9. g4 Ne5 10. O-O-O b5 11. h4 Bb7 12. g5 Nh5 13. Qg2 g6 14. f4 Nc4 15. Bxc4
Qxc4 16. Rhf1 b4 17. Na4 Qxa2 18. Nb6 Rd8 19. Nb3 Bg7 20. Bd4 O-O 21. Qe2 Ng3
22. Qd3 Nxf1 23. Rxf1 d5 24. e5 Rc8 25. Kd2 Rc3 26. bxc3 Qa3 27. Bc5 Qb2 28.
cxb4 Rd8 29. Na4 {Black resigns} 1-0

[Event "Team 45 45 League T55"]
[Site "Internet Chess Club"]
[Date "2013.01.21"]
[Round "9"]
[White "Kingofknights"]
[Black "latayvia"]
[Result "0-1"]
[WhiteElo "1624"]
[BlackElo "1806"]
[Opening "QGD semi-Slav: Meran, Wade variation"]
[ECO "D47"]
[Time "20:30:08"]
[TimeControl "2700+45"]

1. d4 d5 2. c4 c6 3. Nf3 Nf6 4. Nc3 e6 5. e3 Nbd7 6. Bd3 dxc4 7. Bxc4 b5 8. Bd3
Bb7 9. e4 b4 10. Nb1 c5 11. Qe2 cxd4 12. Nxd4 Be7 13. O-O O-O 14. Bg5 Ne5 15.
Nf3 Qxd3 {White resigns} 0-1

[Event "Team 45 45 League T55"]
[Site "Internet Chess Club"]
[Date "2013.01.17"]
[Round "9"]
[White "gandre"]
[Black "tightfist"]
[Result "1/2-1/2"]
[WhiteElo "1801"]
[BlackElo "1539"]
[Opening "Queen's pawn game"]
[ECO "A46"]
[Time "18:00:36"]
[TimeControl "2700+45"]

1. d4 Nf6 2. Nf3 c6 3. Bf4 d5 4. e3 Bf5 5. Nbd2 Qb6 6. Nb3 Bg4 7. Bd3 Nbd7 8. h3
Bxf3 9. Qxf3 e6 10. O-O Be7 11. Rab1 O-O 12. a3 c5 13. dxc5 Nxc5 14. Nxc5 Bxc5
15. b4 Bd6 16. Bg5 Be7 17. Rfd1 Rfe8 18. c4 dxc4 19. Bxc4 Rac8 20. Rbc1 Red8 21.
Be2 Rxd1+ 22. Rxd1 h6 23. Bh4 Kf8 24. e4 Qc6 25. e5 Nd5 26. Bxe7+ Kxe7 27. Kf1
Qc3 28. Qxc3 Rxc3 29. Rd3 Rc1+ 30. Rd1 Rc3 31. Rd3 Rc1+ 32. Rd1 Rc3 33. Rd3 Rc1+
{Game drawn by repetition} 1/2-1/2

[Event "Team 45 45 League T55"]
[Site "Internet Chess Club"]
[Date "2013.01.20"]
[Round "9"]
[White "whiskeytown"]
[Black "Megasus"]
[Result "0-1"]
[WhiteElo "1614"]
[BlackElo "1641"]
[Opening "Sicilian: Nimzovich-Rossolimo attack (without ...d6)"]
[ECO "B30"]
[Time "22:02:58"]
[TimeControl "2700+45"]

1. e4 c5 2. Nf3 Nc6 3. Bb5 Nd4 4. Nxd4 cxd4 5. c3 e5 6. cxd4 exd4 7. O-O Qc7 8.
d3 Nf6 9. Nd2 Bd6 10. Nf3 Ng4 11. g3 h5 12. Nxd4 Qc5 13. Nf5 Bc7 14. Bc4 g6 15.
Ne3 d6 16. Qc2 Bd8 17. Nxg4 hxg4 18. e5 Kf8 19. exd6 Qh5 20. h4 gxh3 21. Kh2 Qf3
22. Rg1 Bd7 23. d4 Bb6 24. Be2 Qd5 25. Qc4 Qf5 26. Be3 Bc6 27. Raf1 Re8 28. Qd3
Be4 29. Qa3 Kg7 30. f4 Bc6 31. Qc3 Qe4 32. d5+ f6 33. dxc6 Bxe3 34. Bf3 Qe6 35.
d7 Rd8 36. Rd1 Bxg1+ 37. Kxg1 bxc6 38. Bxc6 h2+ 39. Kh1 Qe2 40. Qf3 Qxb2 41. Qe3
Qc2 42. Re1 Qxc6+ 43. Qe4 Qxe4+ 44. Rxe4 Rxd7 {White resigns} 0-1

[Event "Team 45 45 League T55"]
[Site "Internet Chess Club"]
[Date "2013.01.20"]
[Round "9"]
[White "Warren"]
[Black "MaartenKoning"]
[Result "1-0"]
[WhiteElo "2263"]
[BlackElo "2266"]
[Opening "French: Winawer, advance, Bogolyubov variation"]
[ECO "C17"]
[Time "06:00:11"]
[TimeControl "2700+45"]

1. e4 e6 2. d4 d5 3. Nc3 Bb4 4. e5 c5 5. Bd2 Ne7 6. Nb5 Bxd2+ 7. Qxd2 O-O 8.
dxc5 Nd7 9. f4 Nxc5 10. Bd3 Nc6 11. O-O-O Qb6 12. Kb1 Na4 13. c3 Bd7 14. Nd6 h6
15. Nf3 Ne7 16. g4 Nc8 17. Nxc8 Raxc8 18. Ka1 Bb5 19. Bxb5 Qxb5 20. Nd4 Qc4 21.
f5 Nc5 22. f6 Ne4 23. Qe3 Rc5 24. fxg7 Kxg7 25. h4 Ra5 26. a3 Qc5 27. Rh3 Rxa3+
28. bxa3 Qxa3+ 29. Kb1 Rc8 30. Rd3 Rc4 31. Qc1 Qa5 32. g5 hxg5 33. hxg5 Ra4 34.
Qb2 Nf2 35. Rdf3 Nxh3 36. Rxh3 Qa6 37. Rf3 Qc4 38. Qh2 Qa6 39. Qb2 Qc4 40. g6
Ra6 41. gxf7 Kf8 42. Nxe6+ Rxe6 43. Qa3+ Re7 44. Qxe7+ Kxe7 45. f8=Q+ Kd7 46.
Qd6+ Ke8 47. Rf8# {Black checkmated} 1-0

[Event "Team 45 45 League T55"]
[Site "Internet Chess Club"]
[Date "2013.01.18"]
[Round "9"]
[White "Barrett-CCSCSL"]
[Black "Fezzik"]
[Result "0-1"]
[WhiteElo "2122"]
[BlackElo "2218"]
[Opening "Réti: King's Indian attack (Barcza system)"]
[ECO "A07"]
[Time "23:01:08"]
[TimeControl "2700+45"]

1. Nf3 d5 2. g3 Nf6 3. Bg2 c6 4. O-O Bf5 5. d3 e6 6. Nbd2 h6 7. c4 Be7 8. b3 O-O
9. Bb2 Nbd7 10. Qc2 Bh7 11. Rad1 a5 12. a4 Rc8 13. Qc1 Qb6 14. Qa1 Rfd8 15. Rc1
Ne8 16. Rfd1 Bf6 17. Bxf6 Nexf6 18. Qc3 c5 19. Nb1 d4 20. Qc2 e5 21. Nfd2 Nf8
22. Na3 Ne6 23. Nb5 Nc7 24. Rf1 Re8 25. Rce1 Rcd8 26. Rd1 Na6 27. Rfe1 Nb4 28.
Qb1 Re7 29. Ne4 Nxe4 30. dxe4 Qc6 31. e3 Qe8 32. Nc7 {White resigns} 0-1

[Event "Team 45 45 League T55"]
[Site "Internet Chess Club"]
[Date "2013.01.20"]
[Round "9"]
[White "steadman"]
[Black "Campagnolo"]
[Result "1/2-1/2"]
[WhiteElo "2148"]
[BlackElo "2068"]
[Opening "QGD Slav: 3.Nf3"]
[ECO "D11"]
[Time "21:05:16"]
[TimeControl "2700+45"]

1. d4 d5 2. c4 c6 3. Nf3 Nf6 4. Qc2 a6 5. g3 dxc4 6. Qxc4 Bf5 7. Bg2 e6 8. O-O
Be7 9. e3 O-O 10. Qe2 Nbd7 11. Nbd2 Qc7 12. e4 Bg4 13. h3 Bxf3 14. Nxf3 e5 15.
dxe5 Nxe5 16. Nxe5 {Game drawn by mutual agreement} 1/2-1/2

[Event "Team 45 45 League T55"]
[Site "Internet Chess Club"]
[Date "2013.01.19"]
[Round "9"]
[White "TerryMalloy"]
[Black "Kueh"]
[Result "0-1"]
[WhiteElo "1966"]
[BlackElo "1993"]
[Opening "Hungarian defense: Tartakower variation"]
[ECO "C44"]
[Time "20:30:11"]
[TimeControl "2700+45"]

1. e4 e5 2. d4 exd4 3. Nf3 Nc6 4. Bc4 Be7 5. c3 Nf6 6. e5 Ne4 7. Bd5 Nc5 8. cxd4
Ne6 9. O-O Nb4 10. Bb3 d5 11. a3 Na6 12. Nc3 c6 13. Qd3 Nac7 14. Be3 b6 15. Rfc1
Bb7 16. Bc2 Ba6 17. Qf5 g6 18. Qh3 O-O 19. Qh6 c5 20. dxc5 bxc5 21. Bd2 Rb8 22.
b4 cxb4 23. axb4 Rxb4 24. Rd1 Rb2 25. Ba4 Qa8 26. Bc1 Rb4 27. Ba3 Rfb8 28. Bxb4
Bxb4 29. Bd7 Bc4 30. Qe3 d4 31. Nxd4 Bc5 32. Bc6 Bxd4 33. Qf3 Bxc3 34. Bxa8 Bxa1
35. Rxa1 Rxa8 36. h4 h5 37. Rd1 a5 38. Rd7 Rf8 39. Qc3 Be2 40. Rxc7 Nxc7 41.
Qxc7 a4 42. Qc2 Bb5 43. e6 Re8 44. exf7+ Kxf7 45. Qc7+ Kg8 46. Qb6 Re1+ 47. Kh2
Be8 48. Qe6+ Rxe6 {White resigns} 0-1

[Event "Team 45 45 League T55"]
[Site "Internet Chess Club"]
[Date "2013.01.21"]
[Round "9"]
[White "tyler66"]
[Black "badmove"]
[Result "1/2-1/2"]
[WhiteElo "1504"]
[BlackElo "1663"]
[Opening "KP: Indian opening"]
[ECO "C20"]
[Time "08:10:16"]
[TimeControl "2700+45"]

1. e4 e5 2. d3 Nc6 3. Nd2 Nf6 4. g3 Bc5 5. Bg2 d5 6. exd5 Nxd5 7. Ngf3 O-O 8.
O-O f5 9. Re1 Qf6 10. Nc4 Nde7 {Game drawn by mutual agreement} 1/2-1/2

[Event "Team 45 45 League T55"]
[Site "Internet Chess Club"]
[Date "2013.01.21"]
[Round "9"]
[White "houseofcook"]
[Black "moodle"]
[Result "1/2-1/2"]
[WhiteElo "1460"]
[BlackElo "1417"]
[Opening "Scotch gambit: Dubois-Réti defense"]
[ECO "C55"]
[Time "09:00:20"]
[TimeControl "2700+45"]

1. e4 e5 2. Nf3 Nc6 3. d4 exd4 4. Bc4 Nf6 5. e5 d5 6. Bb5 Ne4 7. Nxd4 Bd7 8.
Bxc6 bxc6 9. O-O c5 10. Nb3 c6 11. Nc3 Nxc3 12. bxc3 c4 13. Nd4 Be7 14. f4 O-O
15. Be3 Bc5 16. Qd2 Rb8 17. Kh1 Bb6 18. a4 Re8 19. Rfb1 Bxd4 20. cxd4 Rc8 21.
Rb7 Ra8 22. Rab1 Bf5 23. Qe2 Qh4 24. Kg1 h6 25. Rc1 Re6 26. Qf2 Qh5 27. Rcb1 Rg6
28. Rb8+ Rxb8 29. Rxb8+ Kh7 30. Rb1 Be4 31. g3 Qh3 32. Rc1 h5 33. Qf1 Qg4 34.
Qf2 Qh3 35. Rf1 h4 36. f5 Rg4 37. Bf4 hxg3 38. Bxg3 Qh4 39. f6 {Game drawn by
mutual agreement} 1/2-1/2

[Event "Team 45 45 League T55"]
[Site "Internet Chess Club"]
[Date "2013.01.19"]
[Round "9"]
[White "tornado100"]
[Black "MateIn42"]
[Result "0-1"]
[WhiteElo "1408"]
[BlackElo "1348"]
[Opening "Bishop's opening: Berlin defense"]
[ECO "C24"]
[Time "19:32:33"]
[TimeControl "2700+45"]

1. e4 e5 2. Bc4 Nf6 3. d3 d5 4. exd5 Nxd5 5. Nf3 Bg4 6. h3 Bh5 7. Nbd2 Nc6 8.
Ne4 f5 9. Ng3 Bg6 10. Bg5 Be7 11. Bxe7 Ndxe7 12. Qe2 Qd6 13. Bb5 O-O-O 14. a4
Nd4 15. Nxd4 Qxd4 16. c3 Qc5 17. Rd1 Bf7 18. d4 exd4 19. cxd4 Qd6 20. Qc2 Qb4+
21. Qc3 Qxc3+ 22. bxc3 c6 23. Bd3 g6 24. O-O Nd5 25. Rc1 Rhe8 26. Bc4 Re7 27.
Rfe1 Rxe1+ 28. Rxe1 Re8 29. Rxe8+ Bxe8 30. Ne2 Bf7 31. Nf4 Kd7 32. f3 Ke7 33.
Nxd5+ Bxd5 34. Bxd5 cxd5 35. Kf2 f4 36. g3 g5 37. g4 Kd6 38. Ke2 Kc6 39. Kd3 a6
40. c4 dxc4+ 41. Kxc4 b5+ 42. axb5+ axb5+ 43. Kc3 Kd5 44. Kb4 Kxd4 45. Kxb5 Ke3
46. Kc4 Kxf3 47. Kd3 Kg2 48. Ke2 f3+ 49. Ke1 f2+ 50. Ke2 f1=Q+ 51. Ke3 {White
resigns} 0-1

[Event "Team 45 45 League T55"]
[Site "Internet Chess Club"]
[Date "2013.01.20"]
[Round "9"]
[White "dabodhi"]
[Black "DeltaChess"]
[Result "1/2-1/2"]
[WhiteElo "1416"]
[BlackElo "1306"]
[Opening "Scotch gambit"]
[ECO "C44"]
[Time "14:01:06"]
[TimeControl "2700+45"]

1. e4 e5 2. Nf3 Nc6 3. d4 exd4 4. Bc4 d6 5. Ng5 d5 6. Bxd5 Ne5 7. Qxd4 Bd6 8. f4
Nc6 9. Qxg7 Qf6 10. Qxf6 Nxf6 11. e5 Nd4 12. Bxf7+ Kf8 13. exd6 Nxc2+ 14. Kf2
Nxa1 15. Na3 h6 16. b3 hxg5 17. Bc4 cxd6 18. Bb2 Rh5 19. Bxf6 gxf4 20. Bxa1 Bg4
21. h3 Re8 22. Re1 Bd7 23. Rxe8+ Bxe8 24. Bd4 a6 25. Nb1 d5 26. Be2 Rh7 27. Nc3
Bc6 28. Bf3 Rd7 29. Ne2 Rf7 30. Bc5+ Kg7 31. Bd6 Rd7 32. Bxf4 d4 33. Be5+ Kf7
34. Bh5+ Kf8 35. Nxd4 Rd5 36. Ne6+ Ke7 37. Nf4 Rd2+ 38. Kg3 Rxa2 39. Ng6+ Ke6
40. Bg4+ Kf7 41. Nh8+ Ke8 {Game drawn by mutual agreement} 1/2-1/2